Map: Blackpink LE

Players

JJAKJI

  • Race: Terran Terran
  • League: Platinum
  • Spawn Location: 7:00

Zest - Winner!

  • Race: Protoss Protoss
  • League: Master
  • Spawn Location: 1:00

Event: HomeStory Cup XVI

VOD

Have the link to the VOD?

Description

Time

  • Played on: Nov. 11, 2017, 4:48 p.m.
  • Length: 8:34

All games in this series

Show
View Real Time Build Order
Export as new Build Order

JJAKJI Terran 

Build Orders: Cyclone Opening, Gas First Reaper Expand, Reaper Expand, MMM Bio 

Get SALT Encoding   

  12  0:00  SCV  
  13  0:12  SCV  
  14  0:17  Supply Depot  
  14  0:25  SCV  
  15  0:30  Refinery  
  15  0:38  SCV  
  16  0:44  Barracks  
  16  0:50  SCV  
  17  1:02  SCV  
  18  1:15  SCV  
  19  1:31  Reaper, Orbital Command  
  20  1:46  Command Center  
  20  1:56  SCV  
  21  2:01  Factory  
  21  2:07  Barracks Reactor  
  21  2:10  Refinery  
  21  2:13  SCV  
  22  2:19  Supply Depot  
  22  2:25  SCV  
  23  2:30  Bunker  
  23  2:41  SCV  
  23  2:43  Marine x2  
  26  2:50  Cyclone  
  29  2:55  SCV  
  30  3:04  Marine x2  
  32  3:07  SCV  
  32  3:09  Orbital Command  
  33  3:15  Starport  
  33  3:19  SCV  
  34  3:25  Cyclone  
  37  3:28  Marine  
  37  3:31  Marine  
  37  3:33  SCV  
  40  3:35  SCV  
  41  3:43  Supply Depot  
  41  3:46  SCV  
  41  3:48  SCV  
  43  3:49  Marine  
  43  3:50  Marine  
  45  3:59  SCV, Factory Tech Lab  
  45  4:01  Supply Depot  
  46  4:05  Medivac, SCV  
  46  4:07  Marine x2  
  51  4:12  SCV  
  51  4:15  Barracks  
  52  4:17  SCV  
  52  4:21  Supply Depot  
  53  4:24  Siege Tank  
  56  4:33  Marine x2  
  52  4:45  Starport Tech Lab  
  51  4:46  SCV x2  
  51  4:47  Barracks  
  51  4:51  Marine  
  51  4:52  Marine  
  54  4:56  Siege Tank  
  53  5:09  Marine x2  
  53  5:12  Barracks Tech Lab  
  54  5:19  SCV x2  
  50  5:23  Barracks  
  50  5:24  Barracks, Engineering Bay  
  50  5:25  Starport Reactor, Bunker  
  50  5:27  Marine x2  
  52  5:30  Siege Tank  
  52  5:33  SCV x2  
  57  5:37  Marauder, Stimpack  
  57  5:41  Refinery x2  
  59  5:45  SCV x2, Marine  
  59  5:49  Marine  
  63  5:50  Marauder  
  63  5:53  Combat Shields  
  65  6:00  Supply Depot  
  65  6:01  SCV  
  65  6:02  Supply Depot, SCV  
  67  6:06  Marine x2  
  69  6:12  Missile Turret  
  69  6:15  Terran Infantry Weapons Level 1  
  69  6:16  Missile Turret  
  69  6:21  Barracks Reactor, Barracks Tech Lab  
  69  6:23  Marauder  
  69  6:24  Marine x2  
  73  6:26  Marauder  
  73  6:30  Supply Depot  
  75  6:35  Siege Tank  
  78  6:40  Medivac, Supply Depot  
  78  6:42  Marine x2  
  78  6:43  Marine  
  78  6:44  Marine  
  78  6:47  Marine  
  84  6:52  Medivac  
  84  6:54  Concussive Shells  
  86  7:02  Supply Depot, SCV x2  
  87  7:11  Medivac  
  87  7:12  Marauder x2  
  87  7:13  Marauder  
  87  7:14  Marine  
  96  7:16  Marine  
  96  7:17  Marine  
  96  7:19  Marine  
  96  7:22  Medivac  
  101  7:31  Supply Depot  
  101  7:39  Marauder x3  
  106  7:45  Marine  
  106  7:46  Marine  
  85  8:00  Marauder x2  
  85  8:01  Marauder  
  85  8:03  Marine x2  
  85  8:04  Marine x2  
  88  8:17  Command Center  
  94  8:29  Factory Reactor  
Show
View Real Time Build Order
Export as new Build Order

Zest Protoss - Winner!

Build Orders: 1 Gate Expand, Blink Stalkers 

Get SALT Encoding   

  12  0:02  Probe (Chrono Boost)  
  14  0:14  Probe (Chrono Boost)  
  14  0:17  Pylon  
  14  0:25  Probe (Chrono Boost)  
  15  0:31  Probe (Chrono Boost)  
  16  0:36  Gateway  
  16  0:40  Probe (Chrono Boost)  
  17  0:45  Assimilator  
  17  0:53  Probe (Chrono Boost)  
  19  1:05  Probe (Chrono Boost)  
  19  1:17  Probe (Chrono Boost)  
  20  1:22  Nexus  
  20  1:32  Cybernetics Core  
  20  1:37  Probe (Chrono Boost)  
  21  1:40  Assimilator  
  21  1:49  Probe (Chrono Boost)  
  21  1:51  Pylon  
  22  1:59  Stalker  
  23  2:01  Probe (Chrono Boost)  
  23  2:09  Warp Gate  
  23  2:13  Probe (Chrono Boost)  
  26  2:25  Probe (Chrono Boost), Robotics Facility  
  27  2:30  Probe (Chrono Boost)  
  27  2:31  Probe (Chrono Boost)  
  29  2:38  Probe (Chrono Boost)  
  29  2:39  Probe (Chrono Boost)  
  31  2:46  Stalker  
  31  2:50  Probe (Chrono Boost)  
  35  2:52  Probe (Chrono Boost)  
  35  2:58  Twilight Council  
  35  3:02  Observer  
  35  3:03  Probe (Chrono Boost)  
  35  3:04  Probe (Chrono Boost)  
  38  3:15  Probe (Chrono Boost)  
  38  3:16  Blink, Probe (Chrono Boost)  
  38  3:17  Gateway  
  40  3:21  Gateway  
  42  3:27  Probe (Chrono Boost)  
  42  3:32  Probe (Chrono Boost)  
  42  3:39  Probe (Chrono Boost)  
  43  3:42  Pylon  
  43  3:43  Observer  
  43  3:44  Assimilator, Probe (Chrono Boost)  
  45  3:51  Probe (Chrono Boost)  
  46  4:00  Nexus  
  46  4:02  Probe (Chrono Boost)  
  47  4:03  Pylon  
  47  4:07  Probe (Chrono Boost)  
  48  4:17  Stalker x3  
  54  4:29  Probe x2 (Chrono Boost)  
  54  4:43  Stalker x3  
  60  4:46  Probe x2 (Chrono Boost)  
  60  4:58  Probe (Chrono Boost)  
  62  5:01  Probe (Chrono Boost)  
  62  5:09  Pylon  
  62  5:11  Pylon  
  62  5:14  Probe x2 (Chrono Boost)  
  63  5:21  Probe (Chrono Boost)  
  63  5:24  Stalker x3  
  63  5:25  Observer, Probe x2 (Chrono Boost)  
  63  5:26  Forge  
  71  5:29  Forge, Probe (Chrono Boost)  
  71  5:31  Probe (Chrono Boost), Protoss Ground Weapons Level 1  
  71  5:32  Observer, Probe (Chrono Boost)  
  74  5:36  Probe (Chrono Boost)  
  76  5:43  Protoss Ground Armor Level 1, Gateway  
  76  5:44  Gateway  
  76  5:46  Gateway  
  76  5:47  Probe x2 (Chrono Boost)  
  76  5:48  Charge, Probe (Chrono Boost)  
  78  5:50  Gateway  
  78  5:54  Gateway, Observer  
  79  5:57  Sentry  
  79  6:00  Pylon  
  79  6:03  Pylon  
  81  6:09  Assimilator  
  81  6:12  Assimilator  
  81  6:13  Pylon  
  81  6:15  Shield Battery  
  81  6:16  Immortal  
  88  6:25  Probe (Chrono Boost)  
  88  6:26  Probe x2 (Chrono Boost)  
  88  6:27  Pylon  
  88  6:28  Stalker  
  88  6:32  Observer  
  90  6:41  Pylon  
  90  6:43  Probe (Chrono Boost)  
  90  6:44  Zealot x3, Sentry x2  
  101  6:48  Pylon  
  101  6:55  Immortal  
  101  6:56  Pylon  
  101  6:59  Zealot x3  
  111  7:14  Probe (Chrono Boost)  
  111  7:15  Probe x2 (Chrono Boost)  
  114  7:23  Zealot x3  
  114  7:24  Zealot x5  
  130  7:32  Pylon  
  130  7:34  Pylon  
  130  7:35  Immortal  
  134  7:38  Photon Cannon  
  134  7:46  Stalker x6  
  144  7:56  Observer  
  140  7:59  Nexus  
  142  8:20  Zealot x8  
Tags
 
Add a new tag
Caveats
  • Supply blocks, unpowered buildings, or Contaminate may cause inaccurate times.
  • Supply counts are checked every 10 seconds.